 Dungeon Crawl Stone Soup version 0.26.0-3-g156281e41b (webtiles) character file.

Game seed: 7087450571732392420

539 terminal the Shield-Bearer (level 7, -1/44 HPs)
             Began as a Gargoyle Fighter on Jan 9, 2021.
             Was an Initiate of Okawaru.
             Slain by an orc priest
             ... wielding a +0 hand axe
              (4 damage)
             ... on level 5 of the Dungeon.
             The game lasted 00:06:18 (3641 turns).

terminal the Shield-Bearer (Gargoyle Fighter)       Turns: 3641, Time: 00:06:19

Health: -1/44      AC: 17    Str: 21    XL:     7   Next: 26%
Magic:  7/7        EV:  7    Int:  9    God:    Okawaru [......]
Gold:   116        SH: 12    Dex:  9    Spells: 6/6 levels left

rFire    . . .     SeeInvis .   x - +3 whip (elec)
rCold    + . .     Faith    .   c - +2 kite shield
rNeg     + . .     Spirit   .   b - +0 scale mail
rPois    ∞         Reflect  .   t - +0 helmet
rElec    +         Harm     .   (no cloak)
rCorr    .         Rampage  .   h - +2 pair of gloves {archery}
Will     .....                  k - +0 pair of boots
Stlth    ..........             (no amulet)
HPRegen  0.14/turn              i - ring of protection from cold
MPRegen  0.10/turn              (no ring)

@: no status effects
A: negative energy resistance 1, electricity resistance, unbreathing,
petrification resistance, miasma immunity, AC +4
a: Renounce Religion


You were on level 5 of the Dungeon.
You worshipped Okawaru.
Okawaru was noncommittal.
You visited 1 branch of the dungeon, and saw 5 of its levels.

You collected 116 gold pieces.

Inventory:

Hand Weapons
 x - a +3 whip of electrocution (weapon)
Armour
 b - a +0 scale mail (worn)
 c - a +2 kite shield (worn)
 h - a +2 pair of gloves of archery (worn)
 k - a +0 pair of boots (worn)
 t - a +0 helmet (worn)
Jewellery
 a - an uncursed ring of magical power {unknown}
 i - a ring of protection from cold (left hand)
 r - an uncursed amulet of magic regeneration
 y - an uncursed ring of poison resistance {unknown}
Wands
 u - a wand of polymorph (7)
Scrolls
 g - a scroll of remove curse
 l - a scroll of teleportation
 p - 2 scrolls of magic mapping
 s - a scroll of fear
Potions
 d - a potion of cancellation
 e - a potion of lignification
 f - 3 potions of resistance
 j - a potion of degeneration {unknown}
 m - 2 potions of flight
 n - 3 potions of curing
 o - 3 potions of attraction
 q - 2 potions of haste
 v - 2 potions of mutation {unknown}
 w - a potion of heal wounds {unknown}


   Skills:
 * Level 4.8 Fighting
 + Level 4.0 Maces & Flails
 * Level 5.0 Armour
 * Level 5.8 Shields
 * Level 0.9 Invocations


You had 6 spell levels left.
You didn't know any spells.
Your spell library was empty.

Dungeon Overview and Level Annotations

Branches:
Dungeon (5/15)
 Temple: D:4-7

Altars:
Elyvilon
Fedhas
Makhleb
Nemelex Xobeh
Okawaru
Qazlal
Ru
Sif Muna
Vehumet
Wu Jian


Innate Abilities, Weirdness & Mutations

You are resistant to torment.
Your stone body is resilient. (AC +4)
You are immune to poison.
You resist negative energy. (rN+)
You are resistant to electric shocks. (rElec)
You can survive without breathing.
You are immune to petrification.
You are immune to miasma.


Message History

You are too injured to fight recklessly!
You are too injured to fight recklessly!
You are too injured to fight recklessly!
Unknown command.
You barely miss the orc. You block the orc's attack.
You hit the orc. Lightning courses through the orc!
You kill the orc!
Okawaru accepts your kill.
You hit the orc wizard.
The orc wizard is lightly wounded.
The orc wizard mumbles some strange words.
The orc wizard blinks!
The orc priest looks encouraged for a moment.
The orc priest calls down the wrath of Beogh upon you.
Beogh smites you!
* * * LOW HITPOINT WARNING * * *
You see here a +1 short sword of venom.
You closely miss the orc priest.
The orc priest hits you with a +0 hand axe.
You die...

.............#.#
........######.#
........# #.#
##......######.#
.......?.......>
####.#(#.#####.#
#.#.#.# # #.#.#
#.#@# #.#o#
#.#o# #.#.# #o#
#.# #.# #.#


You could see an orc priest, an orc wizard and an orc.

Vanquished Creatures
  Grinder (D:3)
  An ice beast (D:3)
  Jessica (D:2)
  2 worker ants (D:4)
  Robin (D:4)
  5 adders
  3 gnolls (D:2)
  An ooze (D:3)
  A worm (D:4)
  A dart slug (D:4)
  2 leopard geckos
  12 orcs
  A ball python (D:2)
  2 giant cockroaches (D:3)
  14 goblins
  4 hobgoblins
  7 jackals
  A quokka (D:3)
  9 bats
  6 frilled lizards
  4 kobolds
  7 rats
86 creatures vanquished.

Notes
Turn   | Place    | Note
-------+----------+-------------------------------------------
     0 | D:1      | terminal the Gargoyle Fighter began the quest for the Orb.
     0 | D:1      | Reached XP level 1. HP: 14/14 MP: 1/1
   325 | D:1      | Reached XP level 2. HP: 19/19 MP: 2/2
   796 | D:2      | Reached XP level 3. HP: 24/24 MP: 3/3
   860 | D:2      | Found a blossoming altar of Fedhas.
   915 | D:2      | Noticed Jessica
   922 | D:2      | Killed Jessica
   932 | D:2      | Reached XP level 4. HP: 28/29 MP: 4/4
  1916 | D:3      | Noticed Grinder
  1918 | D:3      | Paralysed by Grinder for 7 turns
  1927 | D:3      | Paralysed by Grinder for 3 turns
  1959 | D:3      | Killed Grinder
  1960 | D:3      | Reached skill level 5 in Shields
  1960 | D:3      | Reached XP level 5. HP: 11/34 MP: 5/5
  1960 | D:3      | Reached XP level 6. HP: 12/39 MP: 6/6
  2215 | D:3      | Noticed an ice beast
  2220 | D:3      | Killed an ice beast
  2318 | D:3      | Found a radiant altar of Vehumet.
  2461 | D:3      | Found a stormy altar of Qazlal.
  2558 | D:3      | Found a sparkling altar of Nemelex Xobeh.
  2559 | D:3      | Found a sacrificial altar of Ru.
  2560 | D:3      | Found a burning altar of Makhleb.
  2560 | D:3      | Found a white marble altar of Elyvilon.
  2560 | D:3      | Found an iron altar of Okawaru.
  2561 | D:3      | Found an ornate altar of the Wu Jian Council.
  2570 | D:3      | Found a shimmering blue altar of Sif Muna.
  2575 | D:3      | Became a worshipper of Warmaster Okawaru
  2678 | D:4      | Noticed Robin
  2683 | D:4      | Killed Robin
  2808 | D:4      | Reached XP level 7. HP: 44/44 MP: 7/7
  3411 | D:4      | Reached skill level 5 in Armour
  3612 | D:5      | Entered Level 5 of the Dungeon
  3641 | D:5      | Slain by an orc priest

Illustrated notes

Levels and vault maps discovered:
D:1:      wander_arrival_desolate, layout_basic
D:2:      layout_basic, nicolae_overflow_crystal_walls, hex_tiny, uniq_jessica
D:3:      layout_rooms, lemuel_crystal_altar, minitemple,
          general_overflow_altar, minmay_close_crescents, uniq_grinder
D:4:      minmay_inner_zag, layout_loops_cross, uniq_robin
D:5:      layout_basic, grunt_dithmenos_smoke, bloody_trog, serial_shops,
          shop_fountains, biasface_ghost_orc_armoury,
          nicolae_ossuary_entry_catacombs, uniq_pikel

Skill      XL: |  1  2  3  4  5  6  7 |
---------------+----------------------+-----
Shields        | 4 5 |  5.8
Armour         | 4 5 |  5.0
Fighting       | 4 |  4.8
Maces & Flails | 3 4 |  4.0
Invocations    | |  0.9

Action                   |  1- 3 |  4- 6 |  7- 9 || total
-------------------------+-------+-------+-------++-------
Melee: Flail             |   102 |   143 |    30 ||   275
       Whip              |       |       |    30 ||    30
  Use: Scroll            |     3 |    13 |     2 ||    18
       Potion            |       |     1 |       ||     1
Armor: Scale mail        |    70 |    70 |    25 ||   165
Dodge: Dodged            |    48 |    38 |    15 ||   101
Block: Kite shield       |    63 |    72 |    31 ||   166
